Panthers vs Predators

Created - October 1, 2016 at 10:05

Simulating a Pre-Season

Goals
1 2 3 T
Panthers 1 1 0 2
Predators 1 2 3 6
Shots
1 2 3 T
Panthers 8 6 10 24
Predators 10 13 17 40

1st period

1. Predators , Artem Anisimov 1 (Nicklas Backstrom, Roman Josi) at 1:55
2. Panthers , Patrick Kane 1 (Justin Braun) at 6:50

Penalties :
No Penalty

2nd period

3. Predators , Max Pacioretty 2 (Steven Stamkos) at 9:10
4. Predators , Vladislav Namestnikov 1 (Klas Dahlbeck) at 11:56
5. Panthers , Pavel Datsyuk 1 (Patrick Kane) at 14:21

Penalties :
Tomas Hertl (FLA) for Roughing (Minor) at 2:25, Jacob Trouba (FLA) for Roughing (Minor) at 5:16

3rd period

6. Predators , T.J. Oshie 2 (Zach Bogosian, Nicklas Backstrom) at 12:48
7. Predators , T.J. Oshie 3 (Nicklas Backstrom, Roman Josi) at 15:11
8. Predators , Max Pacioretty 3 (Oscar Klefbom, T.J. Oshie) at 19:03 (PP)

Penalties :
Vincent Trocheck (NSH) for Roughing (Minor) at 2:36, Justin Braun (FLA) for Roughing (Minor) at 6:13, Ondrej Palat (FLA) for Interference (Minor) at 17:20

Goalie Stats

Semyon Varlamov (FLA), 34 saves from 40 shots - (0.850), L, 0-2-0, 60:00 minutes
Pekka Rinne (NSH), 22 saves from 24 shots - (0.917), W, 3-0-0, 60:00 minutes

Players Stats for Panthers

Player Name              G  A  P  +/- PIM S  H  SB GA TA FO     MP     PP MP  PK MP  
------------------------------------------------------------------------------------
Alexey Marchenko         0  0  0  -1  0   1  0  1  0  0  0/0    13:10   0:00   0:26 
Danny DeKeyser           0  0  0  -1  0   0  2  3  0  0  0/0    16:40   0:36   1:47 
Gabriel Landeskog        0  0  0   0  0   5  6  0  0  0  0/0    22:56   0:36   3:18 
Jacob Trouba             0  0  0  -3  2   0  3  0  0  0  0/0    22:52   1:23   3:03 
Jay Bouwmeester          0  0  0  -3  0   0  0  1  0  0  0/0    22:40   0:00   4:13 
Joakim Nordstrom         0  0  0   0  0   1  1  1  0  0  4/8     9:41   0:00   4:22 
Joe Thornton             0  0  0  -2  0   2  0  0  0  0  9/20   17:12   1:23   0:00 
Jori Lehtera             0  0  0  -1  0   0  1  0  0  0  7/15   13:29   0:00   3:18 
Justin Braun             0  1  1   1  2   0  1  2  0  0  0/0    20:50   0:36   2:38 
Nikolaj Ehlers           0  0  0  -1  0   0  0  0  0  0  0/0    10:11   0:00   0:00 
Ondrej Palat             0  0  0  -2  2   3  2  0  0  0  0/3    17:11   1:23   0:00 
Patrick Kane             1  1  2   0  0   5  0  0  0  0  1/2    19:38   0:36   0:00 
Pavel Datsyuk            1  0  1   0  0   4  0  0  0  0  17/35  19:38   0:36   0:00 
Pierre-Edouard Bellemare 0  0  0   0  0   1  0  0  0  0  1/8     9:41   0:00   4:22 
Riley Nash               0  0  0   0  0   0  1  0  0  0  0/0     5:19   0:00   0:00 
T.J. Brodie              0  0  0   1  0   0  0  1  0  0  0/0    23:46   1:23   3:13 
Tomas Hertl              0  0  0  -1  2   1  0  0  0  0  0/0    10:10   0:00   0:00 
Vladimir Tarasenko       0  0  0  -2  0   1  1  0  0  0  0/1    17:12   1:23   0:00 

Players Stats for Predators

Player Name              G  A  P  +/- PIM S  H  SB GA TA FO     MP     PP MP  PK MP  
------------------------------------------------------------------------------------
Artem Anisimov           1  0  1   3  0   7  0  0  0  0  3/6    19:58   3:19   0:00 
Cody Franson             0  0  0   0  0   0  2  0  0  0  0/0     4:13   0:00   0:00 
J.T. Miller              0  0  0  -1  0   0  0  1  0  0  0/1    19:04   0:00   1:26 
Joe Colborne             0  0  0   0  0   0  2  0  0  0  0/0     3:33   0:00   0:33 
Kevin Hayes              0  0  0   1  0   4  0  0  0  0  0/1    13:04   0:00   0:00 
Klas Dahlbeck            0  1  1   0  0   1  3  0  0  0  0/0    18:12   0:16   1:08 
Max Pacioretty           2  0  2  -1  0   5  1  0  0  0  1/2    22:01   3:19   1:04 
Nicklas Backstrom        0  3  3   3  0   2  1  0  0  0  18/26  21:00   4:21   0:00 
Nikita Zadorov           0  0  0   1  0   0  1  0  0  0  0/0    12:21   0:00   0:00 
Oscar Klefbom            0  1  1   2  0   1  0  0  0  0  0/0    20:07   3:08   0:00 
Phillip Di Giuseppe      0  0  0   0  0   0  0  0  0  0  0/2     3:00   0:00   0:00 
Roman Josi               0  2  2   2  0   0  2  4  0  0  0/0    26:35   4:32   0:51 
Steven Stamkos           0  1  1  -1  0   2  1  0  0  0  20/33  21:15   3:37   0:00 
T.J. Oshie               2  1  3   3  0   8  3  0  0  0  1/1    22:58   3:19   0:00 
Vincent Trocheck         0  0  0   1  2   3  0  0  0  0  9/18   17:24   4:21   0:00 
Vladislav Namestnikov    1  0  1   1  0   5  0  1  0  0  1/2    14:43   0:44   0:55 
Zach Bogosian            0  1  1   0  0   1  0  1  0  0  0/0    22:28   4:32   1:08 
Zbynek Michalek          0  0  0   1  0   1  0  1  0  0  0/0    16:04   2:52   0:51 

3 Stars

1 - T.J. Oshie (NSH)
2 - Nicklas Backstrom (NSH)
3 - Roman Josi (NSH)

Power Play

Panthers - 0 on 1 Attempt(s) - 0.00%
Predators - 1 on 4 Attempt(s) - 25.00%

Penalty Kill

Panthers - 3 on 4 Attempt(s) - 75.00% - Score 0 goal in Penalty Kill
Predators - 1 on 1 Attempt(s) - 100.00% - Score 0 goal in Penalty Kill

Team Stat

Panthers - Hits : 18 - Faceoff Wins : 39 - Blocked Shots : 9 - Penalty Minutes : 8
Predators - Hits : 16 - Faceoff Wins : 53 - Blocked Shots : 8 - Penalty Minutes : 2

Official

Referees : Frederick L'Ecuyer and Francois StLaurent
Linesman : Bryan Pancich and Mark Wheler

Game Notes

No Game Note

% Time on Ice - Panthers

Lines # - Real PCT - Wanted PCT - Time Play
Normal Forward
1 - 38% - 40% - 19:02
2 - 31% - 30% - 15:49
3 - 20% - 20% - 10:11
4 - 11% - 10% - 5:19
Normal Defense
1 - 37% - 40% - 18:27
2 - 35% - 35% - 17:37
3 - 25% - 20% - 12:27
4 - 4% - 5% - 1:50
PP Forward
1 - 30% - 60% - 0:36
2 - 70% - 40% - 1:23
PP Defense
1 - 70% - 60% - 1:23
2 - 30% - 40% - 0:36
PK Forward
1 - 43% - 50% - 3:18
2 - 57% - 50% - 4:22
PK Defense
1 - 55% - 60% - 4:13
2 - 45% - 40% - 3:27
PK3 Forward
1 - 0% - 60%
2 - 0% - 40%
PK3 Defense
1 - 0% - 60%
2 - 0% - 40%
44 Forward
1 - 0% - 60%
2 - 0% - 40%
44 Defense
1 - 0% - 60%
2 - 0% - 40%
Last Minute Offensive  - 0:00
Last Minute Defensive  - 0:00
Total
Forward - 60:00
Defense - 60:00

% Time on Ice - Predators

Lines # - Real PCT - Wanted PCT - Time Play
Normal Forward
1 - 33% - 36% - 16:39
2 - 35% - 35% - 17:38
3 - 26% - 26% - 13:04
4 - 6% - 3% - 3:00
Normal Defense
1 - 34% - 38% - 16:59
2 - 33% - 37% - 16:48
3 - 25% - 19% - 12:21
4 - 8% - 6% - 4:13
PP Forward
1 - 57% - 57% - 4:21
2 - 43% - 43% - 3:19
PP Defense
1 - 59% - 60% - 4:32
2 - 41% - 40% - 3:08
PK Forward
1 - 100% - 60% - 1:59
2 - 0% - 40% - 0:00
PK Defense
1 - 43% - 60% - 0:51
2 - 57% - 40% - 1:08
PK3 Forward
1 - 0% - 60%
2 - 0% - 40%
PK3 Defense
1 - 0% - 60%
2 - 0% - 40%
44 Forward
1 - 0% - 60%
2 - 0% - 40%
44 Defense
1 - 0% - 60%
2 - 0% - 40%
Last Minute Offensive  - 0:00
Last Minute Defensive  - 0:00
Total
Forward - 60:00
Defense - 60:00

Play by Play

1st period


0:01 of 1st period - Pavel Datsyuk wins face-off versus Nicklas Backstrom in neutral zone.
0:21 of 1st period - Icing by Jay Bouwmeester.
0:22 of 1st period - Pavel Datsyuk wins face-off versus Steven Stamkos in Panthers zone.
0:54 of 1st period - Icing by Jay Bouwmeester.
0:55 of 1st period - Vincent Trocheck wins face-off versus Patrick Kane in Panthers zone.
0:56 of 1st period - Shot by Kevin Hayes.
0:56 of 1st period - Stopped by Semyon Varlamov without a rebound.
0:57 of 1st period - Joe Thornton wins face-off versus Vincent Trocheck in Panthers zone.
1:02 of 1st period - Vladislav Namestnikov is hit by Ondrej Palat and loses puck.
1:53 of 1st period - Shot by Artem Anisimov.
1:53 of 1st period - Shot Misses the Net.
1:55 of 1st period - Shot by Artem Anisimov.
1:55 of 1st period - Goal by Artem Anisimov - Panthers : 0 - Predators : 1.
1:56 of 1st period - Jori Lehtera wins face-off versus Steven Stamkos in neutral zone.
1:59 of 1st period - Max Pacioretty is hit by Jori Lehtera.
2:36 of 1st period - Shot by Tomas Hertl.
2:36 of 1st period - Stopped by Pekka Rinne with a rebound.
2:57 of 1st period - Shot by Nicklas Backstrom.
2:57 of 1st period - Stopped by Semyon Varlamov without a rebound.
2:58 of 1st period - Nicklas Backstrom wins face-off versus Joakim Nordstrom in Panthers zone.
3:15 of 1st period - Artem Anisimov is hit by Riley Nash.
3:43 of 1st period - Icing by Nicklas Backstrom.
3:44 of 1st period - Pavel Datsyuk wins face-off versus Nicklas Backstrom in Predators zone.
3:46 of 1st period - Gabriel Landeskog is hit by Roman Josi and loses puck.
4:58 of 1st period - Shot by Joe Thornton.
4:58 of 1st period - Shot Blocked by Vladislav Namestnikov.
5:00 of 1st period - Shot by Alexey Marchenko.
5:00 of 1st period - Stopped by Pekka Rinne without a rebound.
5:01 of 1st period - Jori Lehtera wins face-off versus Steven Stamkos in Predators zone.
5:13 of 1st period - Icing by Zach Bogosian.
5:14 of 1st period - Steven Stamkos wins face-off versus Ondrej Palat in Predators zone.
5:31 of 1st period - Shot by Joe Thornton.
5:31 of 1st period - Stopped by Pekka Rinne without a rebound.
5:32 of 1st period - Pavel Datsyuk wins face-off versus Phillip Di Giuseppe in Predators zone.
5:45 of 1st period - Shot by T.J. Oshie.
5:45 of 1st period - Shot Misses the Net.
5:52 of 1st period - Off-side.
5:53 of 1st period - Steven Stamkos wins face-off versus Joe Thornton in neutral zone.
6:14 of 1st period - Shot by Joe Thornton.
6:14 of 1st period - Shot Blocked by Zach Bogosian.
6:50 of 1st period - Shot by Patrick Kane.
6:50 of 1st period - Goal by Patrick Kane - Panthers : 1 - Predators : 1.
6:51 of 1st period - Pavel Datsyuk wins face-off versus Nicklas Backstrom in neutral zone.
7:54 of 1st period - Icing by Tomas Hertl.
7:55 of 1st period - Jori Lehtera wins face-off versus Vincent Trocheck in Panthers zone.
8:06 of 1st period - Shot by Jori Lehtera.
8:06 of 1st period - Shot Misses the Net.
8:18 of 1st period - Shot by Vladislav Namestnikov.
8:18 of 1st period - Stopped by Semyon Varlamov without a rebound.
8:19 of 1st period - Steven Stamkos wins face-off versus Joakim Nordstrom in Panthers zone.
8:34 of 1st period - Shot by Joakim Nordstrom.
8:34 of 1st period - Stopped by Pekka Rinne without a rebound.
8:35 of 1st period - Pavel Datsyuk wins face-off versus Kevin Hayes in Predators zone.
8:59 of 1st period - Off-side.
9:00 of 1st period - Nicklas Backstrom wins face-off versus Vladimir Tarasenko in neutral zone.
9:41 of 1st period - Shot by Roman Josi.
9:41 of 1st period - Shot Misses the Net.
9:45 of 1st period - Shot by Artem Anisimov.
9:45 of 1st period - Shot Misses the Net.
9:56 of 1st period - Off-side.
9:57 of 1st period - Steven Stamkos wins face-off versus Pavel Datsyuk in neutral zone.
10:06 of 1st period - Klas Dahlbeck is hit by Gabriel Landeskog and loses puck.
10:39 of 1st period - Zach Bogosian is hit by Gabriel Landeskog and loses puck.
10:55 of 1st period - Steven Stamkos is hit by Danny DeKeyser and loses puck.
11:24 of 1st period - Shot by Vladislav Namestnikov.
11:24 of 1st period - Shot Misses the Net.
11:41 of 1st period - Vladislav Namestnikov is hit by Danny DeKeyser and loses puck.
11:52 of 1st period - Icing by Tomas Hertl.
11:53 of 1st period - Nicklas Backstrom wins face-off versus Jori Lehtera in Panthers zone.
12:21 of 1st period - Joakim Nordstrom is hit by T.J. Oshie and loses puck.
12:27 of 1st period - Icing by Jacob Trouba.
12:28 of 1st period - Steven Stamkos wins face-off versus Joakim Nordstrom in Panthers zone.
12:31 of 1st period - Shot by Max Pacioretty.
12:31 of 1st period - Stopped by Semyon Varlamov without a rebound.
12:32 of 1st period - Steven Stamkos wins face-off versus Pavel Datsyuk in Panthers zone.
12:44 of 1st period - Icing by Oscar Klefbom.
12:45 of 1st period - Joe Thornton wins face-off versus Steven Stamkos in Predators zone.
13:00 of 1st period - Shot by Vladimir Tarasenko.
13:00 of 1st period - Shot Misses the Net.
13:02 of 1st period - Shot by Ondrej Palat.
13:02 of 1st period - Shot Misses the Net.
14:14 of 1st period - Patrick Kane is hit by Klas Dahlbeck and loses puck.
14:18 of 1st period - Patrick Kane is hit by Klas Dahlbeck and loses puck.
14:33 of 1st period - Shot by T.J. Oshie.
14:33 of 1st period - Stopped by Semyon Varlamov without a rebound.
14:34 of 1st period - Joakim Nordstrom wins face-off versus Vincent Trocheck in Panthers zone.
14:44 of 1st period - Shot by Kevin Hayes.
14:44 of 1st period - Deflect By Vincent Trocheck.
14:44 of 1st period - Shot Misses the Net.
14:52 of 1st period - Shot by Vladislav Namestnikov.
14:52 of 1st period - Shot Hit the Post.
14:54 of 1st period - Shot by Zbynek Michalek.
14:54 of 1st period - Shot Blocked by Alexey Marchenko.
14:56 of 1st period - Shot by Vladislav Namestnikov.
14:56 of 1st period - Shot Misses the Net.
14:58 of 1st period - Shot by Zbynek Michalek.
14:58 of 1st period - Stopped by Semyon Varlamov without a rebound.
14:59 of 1st period - Nicklas Backstrom wins face-off versus Joe Thornton in Panthers zone.
15:16 of 1st period - Shot by T.J. Oshie.
15:16 of 1st period - Stopped by Semyon Varlamov without a rebound.
15:17 of 1st period - Patrick Kane wins face-off versus Vincent Trocheck in Panthers zone.
15:36 of 1st period - Shot by Vladislav Namestnikov.
15:36 of 1st period - Shot Misses the Net.
16:25 of 1st period - Shot by Artem Anisimov.
16:25 of 1st period - Stopped by Semyon Varlamov with a rebound.
17:05 of 1st period - Jay Bouwmeester is hit by Steven Stamkos and loses puck.
18:01 of 1st period - Icing by Roman Josi.
18:02 of 1st period - Joakim Nordstrom wins face-off versus Max Pacioretty in Predators zone.
18:22 of 1st period - Icing by Roman Josi.
18:23 of 1st period - Jori Lehtera wins face-off versus Steven Stamkos in Predators zone.
18:31 of 1st period - Icing by Oscar Klefbom.
18:32 of 1st period - Steven Stamkos wins face-off versus Jori Lehtera in Predators zone.
19:11 of 1st period - Shot by T.J. Oshie.
19:11 of 1st period - Stopped by Semyon Varlamov without a rebound.
19:12 of 1st period - Pavel Datsyuk wins face-off versus Vladislav Namestnikov in Panthers zone.
19:16 of 1st period - Off-side.
19:17 of 1st period - Pavel Datsyuk wins face-off versus Vincent Trocheck in neutral zone.
19:20 of 1st period - Shot by Patrick Kane.
19:20 of 1st period - Stopped by Pekka Rinne without a rebound.
19:21 of 1st period - Pavel Datsyuk wins face-off versus Nicklas Backstrom in Predators zone.
19:21 of 1st period - Pavel Datsyuk is hit by Klas Dahlbeck.
19:30 of 1st period - Icing by Klas Dahlbeck.
19:31 of 1st period - Nicklas Backstrom wins face-off versus Joe Thornton in Predators zone.
19:39 of 1st period - Shot by Ondrej Palat.
19:39 of 1st period - Stopped by Pekka Rinne without a rebound.
19:40 of 1st period - Vincent Trocheck wins face-off versus Pavel Datsyuk in Predators zone.
19:40 of 1st period - Vincent Trocheck is hit by Gabriel Landeskog.
19:54 of 1st period - Shot by Patrick Kane.
19:54 of 1st period - Stopped by Pekka Rinne without a rebound.
19:55 of 1st period - Nicklas Backstrom wins face-off versus Joe Thornton in Predators zone.
Goals for this period are 1 for Panthers vs 1 for Predators.
Shots for this period are 8 for Panthers vs 10 for Predators.

2nd period


0:01 of 2nd period - Nicklas Backstrom wins face-off versus Pavel Datsyuk in neutral zone.
1:07 of 2nd period - Off-side.
1:08 of 2nd period - Joe Thornton wins face-off versus Steven Stamkos in neutral zone.
1:24 of 2nd period - Shot by Joe Thornton.
1:24 of 2nd period - Shot Misses the Net.
1:34 of 2nd period - Shot by Vladimir Tarasenko.
1:34 of 2nd period - Shot Blocked by J.T. Miller.
1:47 of 2nd period - Vladimir Tarasenko is hit by Nikita Zadorov and loses puck.
2:25 of 2nd period - Minor Penalty to Tomas Hertl for Roughing.
2:26 of 2nd period - Nicklas Backstrom wins face-off versus Pierre-Edouard Bellemare in Panthers zone.
2:27 of 2nd period - Shot by Vincent Trocheck.
2:27 of 2nd period - Shot Blocked by Justin Braun.
3:05 of 2nd period - Shot by Nicklas Backstrom.
3:05 of 2nd period - Shot Blocked by Justin Braun.
3:07 of 2nd period - Shot by Vincent Trocheck.
3:07 of 2nd period - Shot Blocked by T.J. Brodie.
3:09 of 2nd period - Shot by Zach Bogosian.
3:09 of 2nd period - Stopped by Semyon Varlamov without a rebound.
3:10 of 2nd period - Jori Lehtera wins face-off versus Artem Anisimov in Panthers zone.
3:26 of 2nd period - Icing by T.J. Oshie.
3:27 of 2nd period - T.J. Oshie wins face-off versus Jori Lehtera in Predators zone.
3:38 of 2nd period - Shot by Artem Anisimov.
3:38 of 2nd period - Stopped by Semyon Varlamov without a rebound.
3:39 of 2nd period - Nicklas Backstrom wins face-off versus Pierre-Edouard Bellemare in Panthers zone.
4:26 of 2nd period - Shot by Phillip Di Giuseppe.
4:26 of 2nd period - Shot Misses the Net.
4:56 of 2nd period - Patrick Kane is hit by Joe Colborne and loses puck.
5:02 of 2nd period - Off-side.
5:03 of 2nd period - Steven Stamkos wins face-off versus Joe Thornton in neutral zone.
5:16 of 2nd period - Shot by Steven Stamkos.
5:16 of 2nd period - Stopped by Semyon Varlamov without a rebound.
5:16 of 2nd period - Minor Penalty to Jacob Trouba for Roughing.
5:17 of 2nd period - Artem Anisimov wins face-off versus Pierre-Edouard Bellemare in Panthers zone.
6:36 of 2nd period - Jori Lehtera is hit by Nicklas Backstrom and loses puck.
6:49 of 2nd period - Shot by Nicklas Backstrom.
6:49 of 2nd period - Shot Misses the Net.
6:59 of 2nd period - Shot by Pierre-Edouard Bellemare.
6:59 of 2nd period - Stopped by Pekka Rinne without a rebound.
7:00 of 2nd period - Nicklas Backstrom wins face-off versus Pierre-Edouard Bellemare in Predators zone.
7:28 of 2nd period - Ondrej Palat is hit by Joe Colborne and loses puck.
7:54 of 2nd period - T.J. Oshie is hit by Justin Braun and loses puck.
8:50 of 2nd period - Icing by Vincent Trocheck.
8:51 of 2nd period - Vincent Trocheck wins face-off versus Pavel Datsyuk in Predators zone.
8:58 of 2nd period - Shot by Vladislav Namestnikov.
8:58 of 2nd period - Stopped by Semyon Varlamov without a rebound.
8:59 of 2nd period - Steven Stamkos wins face-off versus Pavel Datsyuk in Panthers zone.
9:10 of 2nd period - Shot by Max Pacioretty.
9:10 of 2nd period - Goal by Max Pacioretty - Panthers : 1 - Predators : 2.
9:11 of 2nd period - Joe Thornton wins face-off versus Steven Stamkos in neutral zone.
9:26 of 2nd period - Shot by Vladimir Tarasenko.
9:26 of 2nd period - Shot Misses the Net.
9:30 of 2nd period - Shot by Ondrej Palat.
9:30 of 2nd period - Shot Misses the Net.
9:53 of 2nd period - Shot by Vladimir Tarasenko.
9:53 of 2nd period - Shot Blocked by Zbynek Michalek.
10:41 of 2nd period - Shot by Vladislav Namestnikov.
10:41 of 2nd period - Stopped by Semyon Varlamov with a rebound.
10:43 of 2nd period - Shot by Klas Dahlbeck.
10:43 of 2nd period - Stopped by Semyon Varlamov without a rebound.
10:44 of 2nd period - Nicklas Backstrom wins face-off versus Joakim Nordstrom in Panthers zone.
10:56 of 2nd period - Danny DeKeyser is hit by T.J. Oshie and loses puck.
11:56 of 2nd period - Shot by Vladislav Namestnikov.
11:56 of 2nd period - Goal by Vladislav Namestnikov - Panthers : 1 - Predators : 3.
11:57 of 2nd period - Pavel Datsyuk wins face-off versus Steven Stamkos in neutral zone.
12:08 of 2nd period - Shot by Patrick Kane.
12:08 of 2nd period - Shot Misses the Net.
12:27 of 2nd period - Shot by Gabriel Landeskog.
12:27 of 2nd period - Stopped by Pekka Rinne without a rebound.
12:28 of 2nd period - Vincent Trocheck wins face-off versus Jori Lehtera in Predators zone.
12:33 of 2nd period - Shot by Zbynek Michalek.
12:33 of 2nd period - Shot Misses the Net.
13:25 of 2nd period - Vincent Trocheck is hit by Gabriel Landeskog and loses puck.
13:44 of 2nd period - Shot by Gabriel Landeskog.
13:44 of 2nd period - Stopped by Pekka Rinne without a rebound.
13:45 of 2nd period - Nicklas Backstrom wins face-off versus Ondrej Palat in Predators zone.
14:09 of 2nd period - Shot by Nicklas Backstrom.
14:09 of 2nd period - Deflect By T.J. Oshie.
14:09 of 2nd period - Stopped by Semyon Varlamov without a rebound.
14:10 of 2nd period - Pavel Datsyuk wins face-off versus Steven Stamkos in Panthers zone.
14:21 of 2nd period - Shot by Pavel Datsyuk.
14:21 of 2nd period - Goal by Pavel Datsyuk - Panthers : 2 - Predators : 3.
14:22 of 2nd period - Joe Thornton wins face-off versus Nicklas Backstrom in neutral zone.
14:25 of 2nd period - Nicklas Backstrom is hit by Ondrej Palat.
14:41 of 2nd period - Shot by Artem Anisimov.
14:41 of 2nd period - Stopped by Semyon Varlamov without a rebound.
14:42 of 2nd period - Steven Stamkos wins face-off versus Pavel Datsyuk in Panthers zone.
14:55 of 2nd period - Shot by Patrick Kane.
14:55 of 2nd period - Stopped by Pekka Rinne without a rebound.
14:56 of 2nd period - Nicklas Backstrom wins face-off versus Joe Thornton in Predators zone.
15:01 of 2nd period - Shot by Roman Josi.
15:01 of 2nd period - Shot Misses the Net.
15:23 of 2nd period - Shot by Ondrej Palat.
15:23 of 2nd period - Shot Misses the Net.
15:33 of 2nd period - Shot by Joe Thornton.
15:33 of 2nd period - Stopped by Pekka Rinne without a rebound.
15:34 of 2nd period - Pavel Datsyuk wins face-off versus Vincent Trocheck in Predators zone.
16:01 of 2nd period - Shot by Vincent Trocheck.
16:01 of 2nd period - Stopped by Semyon Varlamov without a rebound.
16:02 of 2nd period - Jori Lehtera wins face-off versus Steven Stamkos in Panthers zone.
16:34 of 2nd period - Tomas Hertl is hit by Cody Franson and loses puck.
17:03 of 2nd period - Shot by Artem Anisimov.
17:03 of 2nd period - Shot Misses the Net.
17:15 of 2nd period - Shot by Artem Anisimov.
17:15 of 2nd period - Shot Misses the Net.
17:17 of 2nd period - Shot by Nicklas Backstrom.
17:17 of 2nd period - Deflect By T.J. Oshie.
17:17 of 2nd period - Shot Blocked by Danny DeKeyser.
17:19 of 2nd period - Shot by T.J. Oshie.
17:19 of 2nd period - Shot Blocked by Danny DeKeyser.
17:27 of 2nd period - Shot by Artem Anisimov.
17:27 of 2nd period - Deflect By T.J. Oshie.
17:27 of 2nd period - Shot Misses the Net.
17:29 of 2nd period - Shot by Klas Dahlbeck.
17:29 of 2nd period - Shot Misses the Net.
17:31 of 2nd period - Shot by Nicklas Backstrom.
17:31 of 2nd period - Shot Misses the Net.
17:56 of 2nd period - Shot by Vladislav Namestnikov.
17:56 of 2nd period - Shot Blocked by Danny DeKeyser.
17:58 of 2nd period - Shot by Vladislav Namestnikov.
17:58 of 2nd period - Shot Misses the Net.
18:00 of 2nd period - Shot by Kevin Hayes.
18:00 of 2nd period - Stopped by Semyon Varlamov without a rebound.
18:01 of 2nd period - Pavel Datsyuk wins face-off versus Steven Stamkos in Panthers zone.
18:01 of 2nd period - Pavel Datsyuk is hit by Max Pacioretty.
18:13 of 2nd period - Oscar Klefbom is hit by Gabriel Landeskog and loses puck.
18:25 of 2nd period - Icing by Max Pacioretty.
18:26 of 2nd period - Steven Stamkos wins face-off versus Joe Thornton in Predators zone.
18:28 of 2nd period - Icing by Max Pacioretty.
18:29 of 2nd period - Steven Stamkos wins face-off versus Joe Thornton in Predators zone.
19:35 of 2nd period - Icing by Klas Dahlbeck.
19:36 of 2nd period - Artem Anisimov wins face-off versus Pavel Datsyuk in Predators zone.
19:45 of 2nd period - Icing by Jacob Trouba.
19:46 of 2nd period - Vladislav Namestnikov wins face-off versus Pavel Datsyuk in Panthers zone.
19:47 of 2nd period - Shot by Kevin Hayes.
19:47 of 2nd period - Stopped by Semyon Varlamov without a rebound.
19:48 of 2nd period - Nicklas Backstrom wins face-off versus Pavel Datsyuk in Panthers zone.
Goals for this period are 1 for Panthers vs 2 for Predators.
Shots for this period are 6 for Panthers vs 13 for Predators.

3rd period


0:01 of 3rd period - Pavel Datsyuk wins face-off versus Nicklas Backstrom in neutral zone.
0:19 of 3rd period - Shot by Patrick Kane.
0:19 of 3rd period - Stopped by Pekka Rinne with a rebound.
0:21 of 3rd period - Shot by Patrick Kane.
0:21 of 3rd period - Shot Blocked by Roman Josi.
0:23 of 3rd period - Shot by Jay Bouwmeester.
0:23 of 3rd period - Shot Misses the Net.
0:29 of 3rd period - Shot by Gabriel Landeskog.
0:29 of 3rd period - Stopped by Pekka Rinne with a rebound.
0:31 of 3rd period - Shot by Patrick Kane.
0:31 of 3rd period - Deflect By Gabriel Landeskog.
0:31 of 3rd period - Stopped by Pekka Rinne without a rebound.
0:32 of 3rd period - Vincent Trocheck wins face-off versus Pierre-Edouard Bellemare in Predators zone.
1:14 of 3rd period - Shot by Vladislav Namestnikov.
1:14 of 3rd period - Stopped by Semyon Varlamov with a rebound.
2:04 of 3rd period - Shot by Gabriel Landeskog.
2:04 of 3rd period - Stopped by Pekka Rinne without a rebound.
2:05 of 3rd period - Steven Stamkos wins face-off versus Pavel Datsyuk in Predators zone.
2:14 of 3rd period - Shot by Pavel Datsyuk.
2:14 of 3rd period - Stopped by Pekka Rinne without a rebound.
2:15 of 3rd period - Steven Stamkos wins face-off versus Pavel Datsyuk in Predators zone.
2:15 of 3rd period - Steven Stamkos is hit by Gabriel Landeskog.
2:23 of 3rd period - Shot by Steven Stamkos.
2:23 of 3rd period - Stopped by Semyon Varlamov without a rebound.
2:24 of 3rd period - Vincent Trocheck wins face-off versus Pavel Datsyuk in Panthers zone.
2:36 of 3rd period - Minor Penalty to Vincent Trocheck for Roughing.
2:37 of 3rd period - Joe Thornton wins face-off versus J.T. Miller in Predators zone.
2:46 of 3rd period - Shot by Jacob Trouba.
2:46 of 3rd period - Shot Blocked by Roman Josi.
2:48 of 3rd period - Shot by Vladimir Tarasenko.
2:48 of 3rd period - Shot Misses the Net.
4:39 of 3rd period - Shot by Pavel Datsyuk.
4:39 of 3rd period - Deflect By Tomas Hertl.
4:39 of 3rd period - Shot Blocked by Roman Josi.
5:09 of 3rd period - Icing by T.J. Oshie.
5:10 of 3rd period - Joakim Nordstrom wins face-off versus Nicklas Backstrom in Predators zone.
5:12 of 3rd period - Riley Nash is hit by Roman Josi and loses puck.
5:24 of 3rd period - Off-side.
5:25 of 3rd period - Pavel Datsyuk wins face-off versus Vincent Trocheck in neutral zone.
5:30 of 3rd period - Shot by Pavel Datsyuk.
5:30 of 3rd period - Stopped by Pekka Rinne without a rebound.
5:31 of 3rd period - Pavel Datsyuk wins face-off versus Vincent Trocheck in Predators zone.
6:13 of 3rd period - Minor Penalty to Justin Braun for Roughing.
6:14 of 3rd period - Pierre-Edouard Bellemare wins face-off versus Artem Anisimov in Panthers zone.
6:47 of 3rd period - Jori Lehtera is hit by T.J. Oshie and loses puck.
6:57 of 3rd period - Shot by T.J. Oshie.
6:57 of 3rd period - Stopped by Semyon Varlamov without a rebound.
6:58 of 3rd period - Steven Stamkos wins face-off versus Pierre-Edouard Bellemare in Panthers zone.
7:01 of 3rd period - Shot by Nicklas Backstrom.
7:01 of 3rd period - Shot Misses the Net.
8:03 of 3rd period - Icing by Artem Anisimov.
8:04 of 3rd period - Artem Anisimov wins face-off versus Pierre-Edouard Bellemare in Predators zone.
8:17 of 3rd period - Shot by T.J. Oshie.
8:17 of 3rd period - Stopped by Semyon Varlamov with a rebound.
9:03 of 3rd period - Icing by Zbynek Michalek.
9:04 of 3rd period - Pavel Datsyuk wins face-off versus Phillip Di Giuseppe in Predators zone.
9:13 of 3rd period - Shot by Pavel Datsyuk.
9:13 of 3rd period - Stopped by Pekka Rinne without a rebound.
9:14 of 3rd period - Steven Stamkos wins face-off versus Pavel Datsyuk in Predators zone.
9:24 of 3rd period - Max Pacioretty is hit by Jacob Trouba and loses puck.
10:16 of 3rd period - Kevin Hayes is hit by Jacob Trouba and loses puck.
10:22 of 3rd period - Vincent Trocheck is hit by Jacob Trouba.
11:16 of 3rd period - Shot by Vladimir Tarasenko.
11:16 of 3rd period - Stopped by Pekka Rinne without a rebound.
11:17 of 3rd period - Steven Stamkos wins face-off versus Joe Thornton in Predators zone.
11:46 of 3rd period - Shot by Ondrej Palat.
11:46 of 3rd period - Shot Blocked by Roman Josi.
11:49 of 3rd period - Ondrej Palat is hit by Cody Franson and loses puck.
12:19 of 3rd period - Icing by Max Pacioretty.
12:20 of 3rd period - Max Pacioretty wins face-off versus Jori Lehtera in Predators zone.
12:46 of 3rd period - Shot by T.J. Oshie.
12:46 of 3rd period - Shot Misses the Net.
12:48 of 3rd period - Shot by T.J. Oshie.
12:48 of 3rd period - Goal by T.J. Oshie - Panthers : 2 - Predators : 4.
12:49 of 3rd period - Joakim Nordstrom wins face-off versus Vincent Trocheck in neutral zone.
13:02 of 3rd period - Shot by Vincent Trocheck.
13:02 of 3rd period - Shot Misses the Net.
13:08 of 3rd period - Vincent Trocheck is hit by Joakim Nordstrom and loses puck.
13:25 of 3rd period - Shot by Vincent Trocheck.
13:25 of 3rd period - Stopped by Semyon Varlamov without a rebound.
13:26 of 3rd period - Joe Thornton wins face-off versus Nicklas Backstrom in Panthers zone.
14:09 of 3rd period - Shot by Artem Anisimov.
14:09 of 3rd period - Stopped by Semyon Varlamov without a rebound.
14:10 of 3rd period - Steven Stamkos wins face-off versus Pavel Datsyuk in Panthers zone.
14:11 of 3rd period - Shot by Max Pacioretty.
14:11 of 3rd period - Stopped by Semyon Varlamov without a rebound.
14:12 of 3rd period - Steven Stamkos wins face-off versus Pavel Datsyuk in Panthers zone.
14:39 of 3rd period - Shot by Steven Stamkos.
14:39 of 3rd period - Shot Misses the Net.
14:41 of 3rd period - Shot by Max Pacioretty.
14:41 of 3rd period - Stopped by Semyon Varlamov without a rebound.
14:42 of 3rd period - Nicklas Backstrom wins face-off versus Joe Thornton in Panthers zone.
14:57 of 3rd period - Shot by Artem Anisimov.
14:57 of 3rd period - Stopped by Semyon Varlamov without a rebound.
14:58 of 3rd period - Vincent Trocheck wins face-off versus Jori Lehtera in Panthers zone.
15:03 of 3rd period - Shot by Vincent Trocheck.
15:03 of 3rd period - Deflect By Kevin Hayes.
15:03 of 3rd period - Stopped by Semyon Varlamov without a rebound.
15:04 of 3rd period - Nicklas Backstrom wins face-off versus Pavel Datsyuk in Panthers zone.
15:11 of 3rd period - Shot by T.J. Oshie.
15:11 of 3rd period - Goal by T.J. Oshie - Panthers : 2 - Predators : 5.
15:12 of 3rd period - Nicklas Backstrom wins face-off versus Pavel Datsyuk in neutral zone.
16:35 of 3rd period - Shot by Ondrej Palat.
16:35 of 3rd period - Stopped by Pekka Rinne without a rebound.
16:36 of 3rd period - Vincent Trocheck wins face-off versus Jori Lehtera in Predators zone.
16:59 of 3rd period - Shot by Vincent Trocheck.
16:59 of 3rd period - Stopped by Semyon Varlamov without a rebound.
17:00 of 3rd period - Joe Thornton wins face-off versus Steven Stamkos in Panthers zone.
17:05 of 3rd period - Shot by Ondrej Palat.
17:05 of 3rd period - Stopped by Pekka Rinne without a rebound.
17:06 of 3rd period - Joe Thornton wins face-off versus Steven Stamkos in Predators zone.
17:20 of 3rd period - Minor Penalty to Ondrej Palat for Interference.
17:21 of 3rd period - Nicklas Backstrom wins face-off versus Jori Lehtera in Panthers zone.
17:40 of 3rd period - Shot by Nicklas Backstrom.
17:40 of 3rd period - Stopped by Semyon Varlamov with a rebound.
17:42 of 3rd period - Shot by Steven Stamkos.
17:42 of 3rd period - Shot Misses the Net.
17:44 of 3rd period - Shot by Nicklas Backstrom.
17:44 of 3rd period - Shot Misses the Net.
18:28 of 3rd period - Shot by Artem Anisimov.
18:28 of 3rd period - Stopped by Semyon Varlamov without a rebound.
18:29 of 3rd period - Jori Lehtera wins face-off versus Artem Anisimov in Panthers zone.
18:55 of 3rd period - Shot by T.J. Oshie.
18:55 of 3rd period - Deflect By Max Pacioretty.
18:55 of 3rd period - Shot Blocked by Jay Bouwmeester.
18:57 of 3rd period - Shot by T.J. Oshie.
18:57 of 3rd period - Shot Blocked by Joakim Nordstrom.
18:59 of 3rd period - Shot by Oscar Klefbom.
18:59 of 3rd period - Stopped by Semyon Varlamov with a rebound.
19:01 of 3rd period - Shot by Oscar Klefbom.
19:01 of 3rd period - Shot Misses the Net.
19:03 of 3rd period - Shot by Max Pacioretty.
19:03 of 3rd period - Goal by Max Pacioretty - Panthers : 2 - Predators : 6.
19:04 of 3rd period - Vincent Trocheck wins face-off versus Joe Thornton in neutral zone.
19:04 of 3rd period - Vincent Trocheck is hit by Vladimir Tarasenko.
19:29 of 3rd period - Icing by Alexey Marchenko.
19:30 of 3rd period - Steven Stamkos wins face-off versus Ondrej Palat in Panthers zone.
Goals for this period are 0 for Panthers vs 3 for Predators.
Shots for this period are 10 for Panthers vs 17 for Predators.